 Dungeon Crawl Stone Soup version 0.20.1-1-g8b1a95d (webtiles) character file.

168 Irenicus the Charlatan (level 5, -3/43 HPs)
             Began as a Deep Dwarf Artificer on Nov 5, 2017.
             Slain by an orc warrior
             ... wielding a +0 glaive
              (15 damage)
             ... on level 8 of the Dungeon.
             The game lasted 00:12:38 (1278 turns).

Irenicus the Charlatan (Deep Dwarf Artificer)       Turns: 1278, Time: 00:12:39

Health: -3/43      AC: 12    Str: 16    XL:     5   Next: 23%
Magic:  9/9        EV: 12    Int: 11    God:
Gold:   84         SH:  0    Dex: 14    Spells: 4/4 levels left

rFire    + . .     SeeInvis .   a - +0 short sword
rCold    x . .     Gourm    .   (no shield)
rNeg     . . .     Faith    .   b - +0 leather armour
rPois    .         Spirit   .   h - +2 helmet
rElec    .         Reflect  .   (no cloak)
rCorr    .         Harm     .   i - +2 pair of gloves
MR       +....                  A - +2 pair of boots
Stlth    ++........             (no amulet)
Regen    0.0/turn               k - ring of fire
MPRegen  0.2/turn               z - ring of protection from magic

@: non-regenerating
A: damage resistance, heal wounds, sense surroundings 1, no regeneration
a: Heal Wounds


You were on level 8 of the Dungeon.
You were very hungry.

You visited 1 branch of the dungeon, and saw 6 of its levels.
You also visited: Ossuary.

You collected 84 gold pieces.

Inventory:

Hand Weapons
 a - a +0 short sword (weapon)
Missiles
 F - a throwing net (quivered)
Armour
 b - a +0 leather armour (worn)
 h - a +2 helmet (worn)
 i - a +2 pair of gloves (worn)
 q - a +2 shield
 A - a +2 pair of boots (worn)
Jewellery
 k - a ring of fire (left hand)
 z - a ring of protection from magic (right hand)
Wands
 c - a wand of flame (3/48)
 d - a wand of enslavement (5/24)
 e - a wand of random effects (15/48)
Scrolls
 g - a scroll of recharging
 r - a scroll of remove curse {unknown}
 t - a scroll of magic mapping
 u - 2 scrolls of teleportation {unknown}
 v - a scroll of fear {unknown}
 x - a scroll of enchant weapon {unknown}
 D - a scroll of blinking {unknown}
 E - a scroll of amnesia {unknown}
Potions
 j - 2 potions of might {unknown}
 l - a potion of cancellation
 m - 2 potions of curing
 n - a potion of brilliance
 p - 2 potions of invisibility
 B - a potion of mutation
 C - a potion of magic
Books
 y - a book of Air

   Spells                             Type                      Level
   a - Shock                          Conjuration/Air              1
   b - Swiftness                      Charms/Air                   2
   c - Static Discharge               Conjuration/Air              3
   d - Airstrike                      Air                          4
   e - Lightning Bolt                 Conjuration/Air              5
Comestibles
 f - 2 bread rations


   Skills:
 - Level 0.8 Fighting
 + Level 2.9 Short Blades
 - Level 2.2 Dodging
 - Level 1.2 Stealth
 - Level 6.6 Evocations


You had 4 spell levels left.
You didn't know any spells.

Dungeon Overview and Level Annotations

Branches:
Dungeon (8/15)
 Temple: D:4-7         Lair: D:8-11

Altars:

Shops:
D:8 !


Innate Abilities, Weirdness & Mutations

You are resistant to damage.
You can heal yourself by infusing magical energy.
You passively map a small area around you.
You do not regenerate.


Message History

The orc priest appears confused.
This wand has 16 charges left.
Evoke which item? (* to show all) (? for menu, Esc to quit)
Aiming: Random Effects
Press: ? - help, Shift-Dir - straight line, f/p - orc wizard
Aim: an orc wizard, wielding a dagger and wearing a robe The bolt of poison hits the orc priest.
The orc priest is poisoned.
You kill the orc priest!
The bolt of poison hits the orc warrior.
The orc warrior is poisoned.
The orc warrior is severely wounded.
The bolt of poison misses the orc.
This wand has 15 charges left.
The orc wizard disappears!
The hound closely misses you.
Evoke which item? (* to show all) (? for menu, Esc to quit)
Aiming: Enslavement
Press: ? - help, Shift-Dir - straight line, f - hound
Aim: a hound (chance to defeat MR: 73%)
The hound is charmed.
This wand has 5 charges left.
The orc warrior hits you from afar with a glaive!
You die...

###.....####
#.#
.......$#
#.#
###.#.###
#.# #.#.#
#.# #.#.#*
#.## #..#.#*
#..#
##?###.#*
##.# ##.##
*#.#* #h#
#.## *#.#
#@# ##.#*
**,## #.#
##.#**,**
#o# *#(#,,*
#o# *#.#,*
#)# *.#,*
#.# *,#,*
#.#
*****,*,*
*#.#
,,,**,*,*
*.<#


You could see an orc warrior, an orc and a friendly hound.

Vanquished Creatures
  An orc priest (D:8)
  2 big kobold zombies (Ossuary)
  2 mummies
  2 adders
  An orc (D:3)
  A giant cockroach (D:2)
  3 goblins (D:1)
  3 hobgoblins
  5 kobolds (D:2)
  A quokka (D:2)
  5 bats
  A frilled lizard (D:2)
  2 gnoll zombies (Ossuary)
  3 goblin zombies (Ossuary)
  2 hobgoblin zombies (Ossuary)
  2 kobold zombies (Ossuary)
  5 orc zombies (Ossuary)
  2 rats
43 creatures vanquished.

Vanquished Creatures (collateral kills)
  A worker ant (D:4)
  A hound skeleton (D:5)
  A bat (D:3)
  A leopard gecko skeleton (D:4)
  2 rats (D:3)
6 creatures vanquished.

Vanquished Creatures (others)
  4 toadstools (D:1)
4 creatures vanquished.

Grand Total: 53 creatures vanquished

Notes
Turn   | Place    | Note
-------+----------+-------------------------------------------
     0 | D:1      | Irenicus the Deep Dwarf Artificer began the quest for the Orb.
     0 | D:1      | Reached XP level 1. HP: 16/16 MP: 3/3
   194 | D:1      | Reached XP level 2. HP: 15/24 MP: 5/5
   262 | D:2      | Reached skill level 1 in Short Blades
   266 | D:2      | Found a faded altar of an unknown god.
   403 | D:2      | Reached skill level 5 in Evocations
   546 | D:2      | Reached XP level 3. HP: 10/30 MP: 7/7
   719 | D:4      | Reached skill level 6 in Evocations
   832 | D:5      | Entered Level 5 of the Dungeon
   860 | D:5      | Reached XP level 4. HP: 4/37 MP: 8/8
   873 | D:5      | Found a sand-covered staircase.
   882 | Ossuary  | Entered an ossuary
  1136 | Ossuary  | Reached XP level 5. HP: 12/43 MP: 9/9
  1210 | D:5      | You fall through a shaft for 3 floors!
  1239 | D:8      | Found Nievie's Distillery.
  1271 | D:8      | Noticed an orc warrior
  1278 | D:8      | Slain by an orc warrior

Skill      XL: |  1  2  3  4 |
---------------+-------------+-----
Short Blades   | 1 2 |  2.9
Evocations     | 5 6 |  6.6
Fighting       | |  0.8
Dodging        | |  2.2
Stealth        | |  1.2

Action                   |  1- 3 |  4- 6 || total
-------------------------+-------+-------++-------
Melee: Short sword       |    58 |   120 ||   178
 Abil: Heal Wounds       |     1 |     1 ||     2
Evoke: Wand              |    31 |    10 ||    41
  Use: Scroll            |       |    14 ||    14
 Stab: Sleeping          |     2 |       ||     2
       Paralysed         |     1 |       ||     1
Armor: Leather armour    |    38 |    34 ||    72
Dodge: Dodged            |    52 |    50 ||   102
Block: Shield            |    20 |       ||    20
